 Dungeon Crawl Stone Soup version 0.26-b1-32-g5d43845318 (webtiles) character file.

Game seed: 17809774177388852816

34214 Borgoz the Nimble (level 13, -3/122 HPs)
             Began as a Minotaur Fighter on Jan 12, 2021.
             Was a Priest of Ashenzari.
             Killed from afar by an ogre mage (17 damage)
             ... with a bolt of cold
             ... on level 15 of the Dungeon.
             The game lasted 00:24:32 (18109 turns).

Borgoz the Nimble (Minotaur Fighter)               Turns: 18109, Time: 00:24:32

Health: -3/122     AC: 23    Str: 28    XL:     13   Next: 41%
Magic:  12/12      EV: 16    Int:  7    God:    Ashenzari [***...]
Gold:   1249       SH:  5    Dex: 15    Spells: 12/12 levels left

rFire    + . .     SeeInvis +   y - +3 great sword (curse)
rCold    + . .     Faith    .   (shield currently unavailable)
rNeg     + . .     Spirit   .   v - +0 plate armour {rC+}
rPois    +         Reflect  +   (helmet restricted)
rElec    .         Harm     .   E - +2 cloak {rCorr} (curse)
rCorr    +         Rampage  .   d - +2 pair of gloves {Dex+3} (curse)
Will     +....                  (no boots)
Stlth    ..........             b - amulet of reflection (curse)
HPRegen  0.30/turn              l - +6 ring of strength
MPRegen  0.13/turn              a - ring "Arevof" {rPois rF+ rN+ Will+ SInv} (curse)

@: studying Short Blades
A: retaliatory headbutt, horns 2
a: Renounce Religion, Curse Item, Scrying


You were on level 15 of the Dungeon.
You worshipped Ashenzari.
Ashenzari was most pleased with you.
You visited 2 branches of the dungeon, and saw 16 of its levels.
You also visited: Bailey.

You collected 1249 gold pieces.

Inventory:

Hand Weapons
 y - a cursed +3 great sword (weapon)
Missiles
 A - 4 throwing nets (quivered)
Armour
 d - a cursed +2 pair of gloves of dexterity (worn)
 f - +0 fire dragon scales
 v - a +0 plate armour of cold resistance (worn)
 E - a cursed +2 cloak of preservation (worn)
Jewellery
 a - the cursed ring "Arevof" (right hand) {rPois rF+ rN+ Will+ SInv}
   (You acquired it on level 12 of the Dungeon)

   [ring of positive energy]

   It protects you from fire.
   It protects you from poison.
   It protects you from negative energy.
   It affects your willpower, your defense against some magical effects.
   It lets you see invisible.
   It has a curse placed upon it.
 b - a cursed amulet of reflection (around neck)
 c - a +6 ring of intelligence
 l - a +6 ring of strength (left hand)
 o - an uncursed ring of protection from fire
 p - an uncursed ring of willpower
 u - an uncursed ring of fire
 z - an uncursed ring of resist corrosion
Wands
 C - a wand of flame (58)
 D - a wand of digging (6)
Scrolls
 e - 2 scrolls of magic mapping
 i - a scroll of blinking
 j - 2 scrolls of fog
 m - 5 scrolls of enchant armour
 n - 6 scrolls of teleportation
 q - 2 scrolls of remove curse
 w - 2 scrolls of identify
Potions
 g - 2 potions of flight
 h - a potion of cancellation
 k - 2 potions of brilliance
 r - a potion of mutation
 t - a potion of curing
 x - a potion of attraction {unknown}
 B - a potion of resistance
Books
 s - a manual of Short Blades


   Skills:
 + Level 13.1 Fighting
 + Level 12.8(16.2) Long Blades
 + Level 13.0 Armour
 * Level 14.2 Dodging
 - Level 5.0 Shields


You had 12 spell levels left.
You didn't know any spells.
Your spell library contained the following spells:

 Spells                   Type           Power        Failure   Level
 Foxfire                  Conj/Fire      0%           96%         1
 Summon Small Mammal      Summ           0%           96%         1
 Call Imp                 Summ           0%           99%         2
 Passwall                 Tmut/Erth      0%           99%         2
 Call Canine Familiar     Summ           0%           100%        3
 Conjure Flame            Conj/Fire      0%           100%        3
 Inner Flame              Hex/Fire       0%           100%        3
 Summon Guardian Golem    Hex/Summ       0%           100%        3
 Sticky Flame             Conj/Fire      0%           100%        4
 Summon Ice Beast         Ice/Summ       0%           100%        4
 Summon Lightning Spire   Summ/Air       0%           100%        4
 Fireball                 Conj/Fire      0%           100%        5


Dungeon Overview and Level Annotations

Branches:
Dungeon (15/15)            Temple (1/1) D:7            Lair (0/6) D:10
    Orc (0/2) D:9          Vaults (0/5) D:14         Depths (0/5) D:15
 Bailey (visited)

Altars:
Ashenzari
Cheibriados
Dithmenos
Elyvilon
Fedhas
Gozag
Hepliaklqana
Kikubaaqudgha
Makhleb
Nemelex Xobeh
Okawaru
Qazlal
Ru
Sif Muna
Trog
Uskayaw
Vehumet
Wu Jian
Xom
Yredelemnul
Zin
The Shining One

Shops:
D:11 (   D:14 *   D:15 (

Annotations:
D:10 Erica


Innate Abilities, Weirdness & Mutations

You reflexively headbutt those who attack you in melee.
You have a pair of horns on your head.


Message History

The two-headed ogre looks frightened!
The boulder beetle looks frightened!
The boulder beetle leaps!
The ogre mage casts a spell.
The ogre mage blinks!
The boulder beetle leaps!
Things that are here:
a +0 giant club; a +0 giant spiked club; a two-headed ogre corpse The ogre mage casts a spell.
The ogre mage blinks!
The ogre mage mumbles some strange words.
The ogre mage blinks!
The ogre mage mumbles some strange words.
The ogre mage blinks!
You see here 12 bolts.
The ogre mage gestures wildly while chanting.
The ogre mage blinks!
The ogre mage seems to regain its courage.
Found a stone staircase leading up.
The ogre mage casts a spell at you. The bolt of cold hits you! You resist.
You die...

#........#*#..#####....O....#
#........# #...........)....#
#........# *#......(..).)..#
#........# #...O..##...####
#........# ####.#####...#
#........####≈≈≈O≈≈≈##...#
#...........#≈○...≈≈##...#
###########†#....§.≈##...#
#.@...§§.......#
###..§§...#....#
#≈≈....≈##...# #≈≈≈..≈≈#....#
####.####.#### #......#
########


You could see a two-headed ogre (fast) and an ogre mage.

Vanquished Creatures
  A fire dragon (D:14)
  Harold (D:8)
  3 hydras (D:14)
  5 two-headed ogres
  4 centaur warriors
  Urug (D:12)
  2 skeletal warriors (D:15)
  A flayed ghost (D:15)
  3 unseen horrors
  A sphinx zombie (D:15)
  7 ugly things
  A necromancer (D:15)
  An orc knight (Bailey)
  An orb spider (shapeshifter) (D:14)
  A deep elf mage (D:14)
  A frost giant skeleton (D:15)
  A black mamba (shapeshifter) (D:14)
  Psyche (D:12)
  2 gargoyles (D:13)
  An efreet (D:15)
  A harpy zombie (D:15)
  6 trolls
  An ice dragon zombie (D:15)
  2 centaur simulacra (D:15)
  A shadow (D:14)
  6 yaks
  3 vampires
  A wyvern (D:9)
  A basilisk (D:14)
  Menkaure (D:7)
  4 vampire mosquitoes (D:13)
  An acid dragon (D:11)
  Duvessa (D:7)
  A human skeleton (D:15)
  6 ice beasts
  14 orc warriors
  3 sky beasts
  2 black bears
  9 ogres
  2 phantoms
  A wolf (D:15)
  2 eyes of draining
  3 big kobolds
  14 bullfrogs
  Dowan (D:7)
  A hornet simulacrum (D:15)
  2 scorpions
  21 killer bees
  13 wights
  9 howler monkeys
  4 centaur zombies
  4 bullfrog zombies
  A quasit (D:14)
  A wyvern simulacrum (D:15)
  7 hounds
  9 orc priests
  14 orc wizards
  2 centaur skeletons
  7 iguanas
  A jelly (D:13)
  A bullfrog skeleton (D:11)
  Jessica (D:3)
  Terence (D:2)
  10 worker ants
  A hound skeleton (D:6)
  3 worker ant zombies
  Robin (D:3)
  15 gnolls
  2 howler monkey skeletons
  12 adders
  A shadow imp (D:7)
  5 white imps
  5 ufetubi
  An ooze (D:2)
  3 adder skeletons
  2 adder zombies
  3 worms
  2 dart slugs
  6 leopard geckos
  68 orcs
  6 bats
  2 giant cockroaches (D:4)
  17 goblins
  10 hobgoblins
  15 jackals
  A quokka (D:2)
  5 ball pythons
  5 frilled lizards
  37 kobolds
  A leopard gecko skeleton (D:7)
  A leopard gecko zombie (D:5)
  A quokka skeleton (D:9)
  A quokka zombie (D:4)
  5 rats
472 creatures vanquished.

Vanquished Creatures (others)
  A boulder beetle (D:15)
  An unseen horror (D:15)
  13 plants (D:3)
15 creatures vanquished.

Grand Total: 487 creatures vanquished

Notes
Turn   | Place    | Note
-------+----------+-------------------------------------------
     0 | D:1      | Borgoz the Minotaur Fighter began the quest for the Orb.
     0 | D:1      | Reached XP level 1. HP: 19/19 MP: 0/0
   127 | D:1      | Reached XP level 2. HP: 26/27 MP: 1/1
   320 | D:1      | Reached skill level 1 in Dodging
   613 | D:2      | Reached XP level 3. HP: 33/33 MP: 2/2
   948 | D:2      | Found a hide-covered altar of Uskayaw.
  1067 | D:2      | Reached XP level 4. HP: 40/40 MP: 3/3
  1320 | D:2      | Noticed Terence
  1325 | D:2      | Killed Terence
  1393 | D:2      | Found a snail-covered altar of Cheibriados.
  1444 | D:2      | Reached skill level 2 in Dodging
  1726 | D:3      | Noticed Jessica
  1731 | D:3      | Killed Jessica
  1732 | D:3      | Reached XP level 5. HP: 47/47 MP: 4/4
  1870 | D:3      | Found a shimmering altar of Xom.
  1871 | D:3      | Noticed Robin
  1880 | D:3      | Killed Robin
  1914 | D:3      | Reached XP level 6. HP: 23/55 MP: 5/5
  2204 | D:3      | Found a sacrificial altar of Ru.
  2471 | D:3      | Reached skill level 5 in Fighting
  2471 | D:3      | Reached skill level 5 in Armour
  2471 | D:3      | Reached skill level 3 in Dodging
  2471 | D:3      | Reached skill level 5 in Shields
  2778 | D:4      | Reached XP level 7. HP: 53/61 MP: 6/6
  2804 | D:4      | Reached skill level 5 in Long Blades
  2804 | D:4      | Reached skill level 4 in Dodging
  3150 | D:4      | Found a glowing silver altar of Zin.
  3577 | D:4      | Found a bloodstained altar of Trog.
  3697 | D:4      | Found a shimmering blue altar of Sif Muna.
  3835 | D:4      | Identified Sif Muna's Tome of Clay
  3851 | D:4      | Found a blossoming altar of Fedhas.
  3991 | D:5      | Entered Level 5 of the Dungeon
  4021 | D:5      | Reached XP level 8. HP: 71/71 MP: 7/7
  4332 | D:5      | Reached skill level 5 in Dodging
  4830 | D:6      | Found a radiant altar of Vehumet.
  5836 | D:7      | Reached skill level 6 in Dodging
  5861 | D:7      | Noticed Dowan
  5863 | D:7      | Reached XP level 9. HP: 47/80 MP: 8/8
  5866 | D:7      | Noticed Duvessa
  5877 | D:7      | Killed Duvessa
  5891 | D:7      | Killed Dowan
  6080 | D:7      | Found an ancient bone altar of Kikubaaqudgha.
  6134 | D:7      | Found a staircase to the Ecumenical Temple.
  6141 | D:7      | Noticed Menkaure
  6153 | D:7      | Killed Menkaure
  6174 | Temple   | Entered the Ecumenical Temple
  6582 | Temple   | Became a worshipper of Ashenzari the Shackled
  6888 | D:8      | Found a flagged portal.
  7032 | D:8      | Reached skill level 7 in Dodging
  7049 | Bailey   | Entered a bailey
  7239 | Bailey   | Noticed an orc knight
  7256 | Bailey   | Killed an orc knight
  7331 | Bailey   | HP: 4/83 [kobold/boomerang (1)]
  7953 | D:8      | Reached XP level 10. HP: 78/91 MP: 9/9
  8020 | D:8      | Found a hazy altar of Hepliaklqana.
  8020 | D:8      | Found a white marble altar of Elyvilon.
  8349 | D:8      | Reached skill level 8 in Dodging
  8710 | D:8      | Found a radiant altar of Vehumet.
  8813 | D:8      | Noticed Harold
  8833 | D:8      | Killed Harold
  9128 | D:9      | Reached * piety under Ashenzari
  9305 | D:9      | Noticed a two-headed ogre
  9314 | D:9      | Killed a two-headed ogre
  9315 | D:9      | Reached skill level 10 in Fighting
  9315 | D:9      | Reached skill level 10 in Armour
  9315 | D:9      | Reached skill level 9 in Dodging
  9956 | D:9      | Reached skill level 10 in Long Blades
 10274 | D:9      | Reached XP level 11. HP: 101/101 MP: 10/10
 10685 | D:9      | Found a burning altar of Makhleb.
 10827 | D:9      | Found a staircase to the Orcish Mines.
 10855 | D:10     | Entered Level 10 of the Dungeon
 10927 | D:10     | Reached skill level 10 in Dodging
 11721 | D:10     | Noticed Erica
 12114 | D:11     | Noticed a red ugly thing
 12126 | D:11     | HP: 4/101 [acid (15)]
 12543 | D:10     | Found a staircase to the Lair.
 12750 | D:11     | Reached ** piety under Ashenzari
 12827 | D:11     | Noticed a centaur warrior
 12836 | D:11     | Killed a centaur warrior
 13263 | D:11     | Identified 2 scrolls of acquirement
 13263 | D:11     | Acquired a cursed +2 pair of gloves of dexterity
 13285 | D:11     | Acquired a cursed amulet of reflection
 13491 | D:11     | Killed a red ugly thing
 13492 | D:11     | Reached skill level 11 in Dodging
 13818 | D:11     | Found Syelol's Antique Weapon Boutique.
 14112 | D:12     | Killed an unseen horror
 14366 | D:12     | Noticed Urug
 14376 | D:12     | Killed Urug
 14558 | D:12     | Acquired the cursed ring "Arevof" {rPois rF+ rN+ Will+
                  | SInv}
 14735 | D:12     | Noticed a five-headed hydra
 14985 | D:13     | Reached XP level 12. HP: 56/110 MP: 11/11
 15498 | D:12     | Reached skill level 12 in Dodging
 15539 | D:12     | Noticed an eight-headed hydra
 15564 | D:12     | Noticed Psyche
 15567 | D:12     | Killed Psyche
 15596 | D:13     | Noticed a centaur warrior
 15604 | D:13     | Killed a centaur warrior
 15676 | D:13     | Noticed a five-headed hydra
 15826 | D:14     | Acquired a cursed +0 cloak of preservation
 15894 | D:14     | Found a broken altar of Ashenzari.
 15945 | D:14     | Noticed a six-headed hydra
 15950 | D:14     | Killed an eight-headed hydra
 16032 | D:14     | Found Lutril's Elemental Accessories.
 16262 | D:14     | Noticed a seven-headed hydra
 16267 | D:14     | Killed an 11-headed hydra
 16272 | D:14     | Noticed a four-headed hydra
 16291 | D:14     | Killed a seven-headed hydra
 16292 | D:14     | Reached skill level 13 in Dodging
 16676 | D:14     | Noticed a fire dragon
 16677 | D:14     | Noticed a two-headed ogre
 16683 | D:14     | Killed a two-headed ogre
 16691 | D:14     | Killed a fire dragon
 17019 | D:14     | Found a gate to the Vaults.
 17389 | D:15     | Entered Level 15 of the Dungeon
 17389 | D:15     | Noticed a centaur warrior
 17392 | D:15     | Reached XP level 13. HP: 119/119 MP: 12/12
 17438 | D:15     | Reached *** piety under Ashenzari
 17466 | D:15     | Found a staircase to the Depths.
 17764 | D:15     | Reached skill level 14 in Dodging
 17840 | D:15     | Found Myid's Weapon Boutique.
 18094 | D:15     | HP: 4/122 [two-headed ogre/+0 giant club (21)]
 18109 | D:15     | Killed from afar by an ogre mage

Illustrated notes

Levels and vault maps discovered:
D:1:      minmay_arrival_checkered_box, layout_rooms
D:2:      minmay_diamond_boxcup, layout_loops_ring, kennysheep_slug_shrine,
          eat_drink_and_be_merry_uskayaw, uniq_terence
D:3:      layout_rooms, nicolae_ru_awakened_eye, xom_teletrap_fun, serial_bayou,
          serial_bayou_pond_d, serial_bayou_lake_a, serial_bayou_pond_c,
          serial_bayou_pond_d, uniq_robin, uniq_jessica
D:4:      layout_loops_ring, nzn_overflow_gifts_of_might_and_magic,
          general_overflow_altar, minmay_misc_feat_pillars, minivault_5,
          fedhas_altar_2
D:5:      layout_rooms
D:6:      layout_loops_corners, serial_glass, glass_columns_b, glass_columns_c,
          item_on_display_a, feat_on_display, feat_on_display, basic_altar
D:7:      layout_rooms, old_standard_altar, minmay_temple_entry_arrows,
          uniq_duvessa, uniq_menkaure
D:8:      layout_cave_pools, marbit_many_paths,
          gammafunk_temple_overflow_elements, enter_bailey_2, uniq_harold
D:9:      hangedman_cross_cluster, layout_cave_pods, makhleb_heckhound_becter,
          special_room [special_room_orc]
D:10:     layout_basic, lair_entry_dummy, uniq_erica
D:11:     layout_loops_ring, serial_shops, nicolae_shop_crystal
D:12:     layout_loops_ring, basic_altar, uniq_psyche, uniq_urug
D:13:     layout_cave_pools, minivault_11
D:14:     layout_roguey, david_vaults_4, nicolae_ashenzari_panopticon,
          nicolae_elemental_shop
D:15:     gammafunk_depths_entry_grave, layout_basic, serial_ice, serial_ice_h,
          serial_ice_f, serial_ice_b, serial_ice_m, serial_shops,
          nicolae_shop_statue_plus, lemuel_nasty_fountain
Temple:   dpeg_chambers_temple

Skill      XL: |  1  2  3  4  5  6  7  8  9 10 11 12 13 |
---------------+----------------------------------------+-----
Dodging        | 1 2 3 4 6 7 9 11 13 14 | 14.2
Fighting       | 4 5 6 7 9 10 11 12 13 | 13.1
Armour         | 4 5 6 7 9 10 11 12 13 | 13.0
Shields        | 4 5 |  5.0
Long Blades    | 3 4 5 7 8 10 11 12 | 12.8

Action                   |  1- 3 |  4- 6 |  7- 9 | 10-12 | 13-15 || total
-------------------------+-------+-------+-------+-------+-------++-------
Melee: Long sword        |    83 |   159 |   474 |     7 |       ||   723
       Headbutt          |    14 |    27 |    85 |   182 |    35 ||   343
       Great sword       |       |       |       |   643 |    89 ||   732
Invok: Curse Item        |       |       |       |     1 |       ||     1
  Use: Scroll            |       |     3 |     7 |    20 |     1 ||    31
       Potion            |       |       |    11 |     7 |     1 ||    19
Armor: Scale mail        |    40 |    84 |    13 |       |       ||   137
       Plate armour      |       |       |   408 |   478 |    39 ||   925
Dodge: Dodged            |    30 |    70 |   261 |   473 |    74 ||   908
Block: Kite shield       |    44 |   107 |   404 |     2 |       ||   557
       Other             |       |       |       |    85 |    23 ||   108
       Reflection        |       |       |       |     6 |       ||     6
       Rpst.: Long sword |     9 |    23 |    49 |     2 |       ||    83
       Great sword       |       |       |       |   113 |    16 ||   129
